 Dungeon Crawl Stone Soup version 0.19.0-2-gae57169 (webtiles) character file.

435998 MDvedh the Executioner (level 22, -23/226 HPs)
             Began as a Minotaur Fighter on Nov 3, 2016.
             Was a Priest of Uskayaw.
             Annihilated by a stone giant (52 damage)
             ... on level 5 of the Vaults.
             The game lasted 01:39:57 (44484 turns).

MDvedh the Executioner (Minotaur Fighter)          Turns: 44484, Time: 01:39:58

Health: -23/226    AC: 30    Str: 29    XL:     22   Next: 61%
Magic:  44/44      EV: 19    Int:  1    God:    Uskayaw [***...]
Gold:   2410       SH:  0    Dex: 21    Spells: 0 memorised, 21 levels left

rFire  + + +     SeeInvis .     g - +2 battleaxe (vamp)
rCold  . . .     Gourm    .     V - +1 plate armour {rF+}
rNeg   . . .     Faith    .     (shield currently unavailable)
rPois  .         Spirit   .     (helmet restricted)
rElec  .         Reflect  .     x - +1 cloak
rCorr  .         Harm     .     p - +1 pair of gloves "Plog" {Dex+3}
MR     +++..     Rnd*Rage +     M - +2 pair of boots
Stlth  ..........               (no amulet)
                                F - ring of Yxipry {MR+ Str+2}
                                B - ring "Uzyvvur" {*Drain rF+ MR+ MP+9 Str+4}

@: drained
A: retaliatory headbutt, horns 2, iridescent scales 1, berserk 1, dopey 2, fire
resistance 1, robust 1, sturdy frame 1
a: Stomp, Line Pass, Renounce Religion
}: 3/15 runes: serpentine, barnacled, silver


You were on level 5 of the Vaults.
You worshipped Uskayaw.
Uskayaw was greatly pleased with you.
You were full.

You visited 7 branches of the dungeon, and saw 37 of its levels.
You visited the Abyss 1 time.
You also visited: Labyrinth, Ice Cave and Volcano.

You collected 3853 gold pieces.
You spent 1443 gold pieces at shops.

Inventory:

Hand Weapons
 e - a +2 battleaxe of flaming
 g - a +2 vampiric battleaxe (weapon)
Armour
 p - the +1 pair of gloves "Plog" (worn) {Dex+3}
   (You found it on level 5 of the Vaults)

   It affects your dexterity (+3).
 x - a +1 cloak (worn)
 M - a +2 pair of boots (worn)
 V - a +1 plate armour of fire resistance (worn)
Jewellery
 n - an uncursed ring of positive energy
 B - the ring "Uzyvvur" (left hand) {*Drain rF+ MR+ MP+9 Str+4}
   (You found it on level 6 of the Dungeon)

   [ring of magical power]

   It affects your strength (+4).
   It protects you from fire.
   It affects your resistance to hostile enchantments.
   It affects your magic capacity (+9).
   It causes draining when unequipped.
 F - the ring of Yxipry (right hand) {MR+ Str+2}
   (You found it on level 4 of the Snake Pit)

   [ring of protection from magic]

   It affects your strength (+2).
   It affects your resistance to hostile enchantments.
 K - an uncursed ring of resist corrosion
 P - a +6 ring of protection
 Q - an uncursed ring of poison resistance
 R - an uncursed amulet of magic regeneration
 W - an uncursed ring of protection from cold
Wands
 c - a wand of teleportation (3/9)
 f - a wand of heal wounds (3/9)
 i - a wand of slowing (35/48)
 k - a wand of hasting (3/9)
 t - a wand of teleportation (7/9)
 G - a wand of teleportation (4/9)
 N - a wand of confusion (32/48)
 O - a wand of disintegration (8/24)
 S - a wand of flame (23/48)
Scrolls
 b - 2 scrolls of blinking
 d - a scroll of teleportation
 j - 7 scrolls of fear
 l - 2 scrolls of identify
 q - 3 scrolls of silence
 r - a scroll of summoning
 s - 9 scrolls of enchant armour
 w - 3 scrolls of enchant weapon
 y - 13 scrolls of remove curse
 A - a scroll of holy word
 I - 2 scrolls of magic mapping
 J - a scroll of amnesia
 L - 4 scrolls of recharging
 T - 5 scrolls of fog
Potions
 a - 4 potions of flight
 o - 20 potions of curing
 u - 4 potions of ambrosia
 z - 2 potions of cancellation
 D - 2 potions of invisibility
 H - 4 potions of agility
 U - 3 potions of might
Comestibles
 h - 17 royal jellies
 m - 14 meat rations
 E - 22 fruits


   Skills:
 + Level 19.4(18.7) Fighting
 - Level 21.4(20.6) Axes
 + Level 19.2(18.5) Armour
 + Level 13.7(13.1) Dodging
   Level 17.8(17.1) Shields
 * Level 20.0(19.3) Invocations


You had 21 spell levels left.
You didn't know any spells.

Dungeon Overview and Level Annotations

Branches:
Dungeon (15/15)            Temple (1/1) D:6            Lair (6/6) D:11
 Shoals (4/4) Lair:4        Snake (4/4) Lair:2        Slime (0/5) Lair:6
    Orc (2/2) D:9             Elf (0/3) Orc:2        Vaults (5/5) D:13
  Crypt (0/3) Vaults:2     Depths (0/5) D:15

Altars:
Ashenzari
Cheibriados
Dithmenos
Elyvilon
Fedhas
Gozag
Hepliaklqana
Kikubaaqudgha
Makhleb
Nemelex Xobeh
Okawaru
Qazlal
Ru
Sif Muna
Trog
Uskayaw
Vehumet
Xom
Yredelemnul
Zin
The Shining One

Shops:
D:10 %   Orc:2 }}!*   Snake:2 }:*   Snake:4 (   Vaults:3 %*[!   Vaults:4 *

Annotations:
D:15 exclusion: Roxanne, Roxanne


Innate Abilities, Weirdness & Mutations

You reflexively headbutt those who attack you in melee.
You have a pair of horns on your head.
You are partially covered in iridescent scales. (AC +2)
You tend to lose your temper in combat.
You are very dopey. (Int -4)
Your flesh is heat resistant. (rF+)
You are robust. (+10% HP)
Your movements are slightly less encumbered by armour. (ER -2)


Message History

The stone giant throws a large rock.
The large rock hits you!!
You can now pass through a line of other dancers.
The stone giant hits you!!!
* * * LOW HITPOINT WARNING * * *
There is an escape hatch in the ceiling, spattered with blood here.
You hit the stone giant but do no damage.
The stone giant hits you!!!
* * * LOW HITPOINT WARNING * * *
You hear a shout!
You slice the stone giant like a ripe choko!!!
You headbutt the stone giant!
The stone giant is severely wounded.
You hear a shout!
Uskayaw will force your foes to helplessly watch your dance.
Unknown command.
You slice the stone giant!!
You feel better.
You headbutt the stone giant, but do no damage.
The stone giant is almost dead.
The stone giant hits you!!!
You die...

,**..##.##.#.#....#....#..#..#..#
,,,..........#....#....#..#.(#..#
,*,*.#.#.#.#.#....#....#.....#...
,,,........[()[........#.:.).#...
***#########[[(.(...#############
,,,,........[[)[[.(.()...........
,,,,.......[[[[<<....)...........
,,,,.........[<..<..([)..........
,,,,.........[[C@(.[.............
***#########.)..).).#############
,,,...............(.[......[.....
,,,..........#....#(.............
,,,..........#....#([#####......#
***########..#....#[(###.........
,,,,,,,,,,#..#....#.(##..........
,,,,,,,,,,#..#....#).#...........
*##########..#....#.(#...)(......


You could see a stone giant.

Vanquished Creatures
  Mennas (Vaults:4)
  An ancient lich (Vaults:5)
  Boris (Vaults:4)
  A golden dragon (Vaults:5)
  Vashnia (Snake:4)
  Nikola (Snake:4)
  A lich (Vaults:5)
  3 tentacled monstrosities
  5 titans
  2 tentacled starspawn
  Agnes (Snake:3)
  2 storm dragons (Vaults:5)
  5 shadow dragons
  Ilsuiw (Shoals:4)
  4 tengu reavers (Vaults:5)
  13 nagarajas
  2 fire giants
  3 frost giants
  An orc warlord (Vaults:1)
  2 deep elf sorcerers
  18 vault wardens
  A war gargoyle (Vaults:5)
  20 ironheart preservers
  9 stone giants
  Nessos (Orc:2)
  5 entropy weavers
  6 deep elf annihilators
  A vampire knight (D:12)
  The ghost of Chiseanne the Cleaver, a journeyman MiBe of Trog (Orc:2)
  A red draconian (Volcano)
  The ghost of TBriggs11TB the Fighter, a journeyman DsGl of Hepliaklqana (D:13)
  6 ettins
  A minotaur (shapeshifter) (Vaults:1)
  6 merfolk impalers
  A deep elf death mage (Vaults:5)
  4 fire dragons
  6 merfolk javelineers
  A minotaur (Lab)
  A deep elf high priest (Vaults:5)
  14 yaktaur captains
  41 vault guards
  11 naga warriors
  4 great orbs of eyes
  6 hydras
  4 rakshasas
  7 ice dragons
  3 merfolk avatars (Shoals:4)
  18 anacondas
  3 merfolk aquamancers (Shoals:4)
  3 dancing weapons
  2 alligator snapping turtles
  A catoblepas (D:14)
  9 centaur warriors
  19 death yaks
  3 death knights
  17 ogre magi
  2 satyrs
  A queen ant (Lair:5)
  3 deep troll shamans
  3 hell hogs (Abyss:3)
  3 orc high priests (Orc:2)
  A vampire mage (D:12)
  3 deep troll earth magi
  Sonja (Lair:4)
  2 thrashing horrors
  7 shock serpents
  Urug (Lair:5)
  The ghost of PeterLawrence the Basher, a novice MiFi of Okawaru (D:7)
  15 naga sharpshooters
  5 deep elf knights
  3 wretched stars
  A sun demon (Abyss:5)
  2 salamander mystics
  3 shadow wraiths
  11 skeletal warriors
  11 sea snakes
  3 wizards
  2 large abominations
  A shadow demon (Abyss:3)
  8 deep trolls
  An unseen horror (Vaults:1)
  7 deep elf archers
  2 flayed ghosts (Vaults:2)
  A lindwurm (Lair:2)
  6 hill giants
  Pikel (D:7)
  11 deep elf magi
  18 ironbrand convokers
  13 naga ritualists
  4 wolf spiders
  12 harpies
  15 orc knights
  4 phantasmal warriors
  16 mana vipers
  26 ugly things
  10 fauns
  9 manticores
  9 cyclopes
  A salamander (shapeshifter) (Vaults:4)
  A stone giant skeleton (Vaults:2)
  10 salamanders
  5 orc sorcerers
  13 guardian serpents
  A shining eye (shapeshifter) (Vaults:5)
  9 sirens
  Joseph (D:8)
  Maurice (D:8)
  2 worldbinders (Abyss:5)
  A fire giant skeleton (Vaults:2)
  A frost giant skeleton (Vaults:2)
  24 naga magi
  A smoke demon (Abyss:5)
  42 black mambas
  2 molten gargoyles (Volcano)
  10 elephants (Lair:6)
  An eye of devastation (shapeshifter) (Vaults:1)
  13 vault sentinels
  Psyche (D:8)
  A gargoyle (D:14)
  2 water nymphs
  4 centaur skeletons
  4 spiny frogs
  A hellion (Abyss:5)
  A rime drake (shapeshifter) (D:15)
  4 rime drakes
  7 komodo dragons
  A komodo dragon (shapeshifter) (Vaults:4)
  32 yaktaurs
  A tengu conjurer (D:14)
  A tormentor (Abyss:5)
  9 freezing wraiths
  An entropy weaver simulacrum (Vaults:2)
  10 trolls
  A polar bear (shapeshifter) (Vaults:4)
  2 queen bees
  A yaktaur skeleton (Vaults:2)
  2 jumping spiders (Vaults:3)
  A troll (shapeshifter) (Vaults:4)
  7 hornets
  17 merfolk
  2 hornets (shapeshifter)
  A wind drake (Shoals:2)
  37 two-headed ogres
  6 polar bears
  25 blink frogs
  17 slime creatures
  5 snapping turtles
  5 dream sheep
  8 hippogriffs
  A snapping turtle (shapeshifter) (Vaults:5)
  11 redbacks
  16 flying skulls (D:12)
  A redback (shapeshifter) (Vaults:4)
  11 spriggans (Lair:6)
  4 wraiths
  A tarantella (shapeshifter) (Vaults:1)
  2 tarantellas (Vaults:4)
  4 wyverns
  10 vampires
  2 water elementals
  28 yaks
  A ynoxinul (Abyss:5)
  A hungry ghost (D:14)
  3 basilisks
  A neqoxec (Abyss:5)
  4 mottled dragons
  51 nagas
  A soldier ant (shapeshifter) (Vaults:5)
  9 soldier ants (Lair:5)
  2 wargs
  Duvessa (D:6)
  13 water moccasins
  A floating eye (shapeshifter) (Vaults:1)
  9 porcupines
  A porcupine (shapeshifter) (Vaults:5)
  Purgy (D:4)
  25 orc warriors
  12 ice beasts
  An ice beast (shapeshifter) (Vaults:1)
  3 sky beasts
  6 black bears
  11 starcursed masses
  A hornet zombie (D:15)
  An eye of draining (D:14)
  2 slaves
  70 ogres
  A snapping turtle skeleton (Abyss:5)
  30 wolves
  3 boggarts (Lair:6)
  6 human skeletons (Vaults:2)
  23 centaurs
  An orc skeleton (Vaults:2)
  13 crocodiles
  An elf skeleton (Vaults:2)
  2 small abominations
  Blork the orc (D:5)
  13 bullfrogs
  A gnoll sergeant (D:5)
  Dowan (D:6)
  3 scorpions
  53 killer bees
  7 wights
  10 howler monkeys
  2 electric eels
  3 lava snakes (Volcano)
  6 crimson imps
  15 jellies
  A quasit (D:12)
  2 bullfrog zombies
  2 human simulacra
  A bullfrog skeleton (D:12)
  16 orc wizards
  7 human zombies (D:12)
  19 orc priests
  4 hounds
  Crazy Yiuf (D:2)
  An iron imp (Abyss:3)
  An iguana (D:9)
  36 worker ants
  7 hell rats (Lair:6)
  A hound zombie (D:8)
  A worker ant zombie (D:5)
  4 gnolls
  11 adders
  A river rat (D:12)
  2 shadow imps
  4 oozes (Lair:6)
  2 adder skeletons
  3 worms
  A dart slug (D:3)
  5 leopard geckos
  84 orcs
  4 giant cockroaches
  7 hobgoblins
  18 jackals
  5 quokkas
  2 ball pythons
  17 bats
  2 frilled lizards
  A giant cockroach zombie (D:5)
  3 goblins
  12 kobolds
  A leopard gecko zombie (D:6)
  20 rats
  3 fungi
  4 plants (Shoals:3)
1753 creatures vanquished.

Vanquished Creatures (others)
  An anaconda (Snake:4)
  A shadow wraith (Vaults:3)
  A guardian serpent (Abyss:5)
  A naga mage (Snake:4)
  2 ogres
  An orc wizard (Vaults:3)
  3 orcs
  22 fungi
  14 plants
  2 starspawn tentacles (Abyss:3)
48 creatures vanquished.

Grand Total: 1801 creatures vanquished

Notes
Turn   | Place    | Note
-------+----------+-------------------------------------------
     0 | D:1      | MDvedh the Minotaur Fighter began the quest for the Orb.
     0 | D:1      | Reached XP level 1. HP: 19/19 MP: 0/0
   170 | D:1      | Reached skill level 3 in Axes
   218 | D:1      | Reached XP level 2. HP: 10/26 MP: 1/1
   442 | D:1      | Reached skill level 4 in Axes
   564 | D:1      | Reached XP level 3. HP: 31/31 MP: 2/2
   685 | D:2      | Found a sacrificial altar of Ru.
   729 | D:2      | Found a runed door.
   809 | D:2      | Found a glowing golden altar of the Shining One.
   955 | D:2      | Reached skill level 5 in Axes
  1028 | D:2      | Found an iron altar of Okawaru.
  1177 | D:2      | Reached XP level 4. HP: 36/39 MP: 3/3
  1317 | D:2      | Noticed Crazy Yiuf
  1327 | D:2      | Killed Crazy Yiuf
  1647 | D:2      | Found a burning altar of Makhleb.
  1712 | D:2      | Found a radiant altar of Vehumet.
  1851 | D:3      | Reached skill level 6 in Axes
  2040 | D:3      | Reached XP level 5. HP: 42/45 MP: 4/4
  2299 | D:3      | Found a snail-covered altar of Cheibriados.
  2307 | D:3      | Gained mutation: You are robust. (+10% HP) [potion of beneficial mutation]
  2753 | D:3      | Found a bloodstained altar of Trog.
  2882 | D:4      | Noticed Purgy
  2899 | D:4      | Killed Purgy
  2899 | D:4      | Reached skill level 7 in Axes
  2899 | D:4      | Reached XP level 6. HP: 48/56 MP: 5/5
  2908 | D:4      | Reached skill level 8 in Axes
  3129 | D:4      | Reached skill level 9 in Axes
  3272 | D:4      | Found a deep blue altar of Sif Muna.
  3387 | D:4      | Reached XP level 7. HP: 37/62 MP: 6/6
  3818 | D:5      | Entered Level 5 of the Dungeon
  3849 | D:5      | Found a stormy altar of Qazlal.
  3920 | D:5      | Noticed Blork the orc
  3933 | D:5      | Reached skill level 10 in Axes
  3941 | D:5      | Killed Blork the orc
  4535 | D:5      | Reached skill level 11 in Axes
  4575 | D:5      | Reached XP level 8. HP: 70/70 MP: 7/7
  4674 | D:5      | You fall through a shaft!
  4698 | D:6      | Reached skill level 12 in Axes
  4805 | D:6      | Noticed Duvessa
  4806 | D:6      | Noticed Dowan
  4818 | D:6      | Killed Duvessa
  4819 | D:6      | Killed Dowan
  4974 | D:6      | Reached skill level 13 in Axes
  5211 | D:6      | Got a scintillating copper ring
  5212 | D:6      | Identified the ring "Uzyvvur" {*Drain rF+ MR+ MP+9 Str+4} (You found it on level 6 of the Dungeon)
  5216 | D:6      | Gained mutation: Your spells are a little easier to cast, but a little less powerful. [potion of mutation]
  5216 | D:6      | Gained mutation: You are resistant to hostile enchantments. (MR+) [potion of mutation]
  5216 | D:6      | Gained mutation: Your body sometimes deteriorates upon taking damage. [potion of mutation]
  5225 | D:6      | Found a staircase to the Ecumenical Temple.
  5225 | D:6      | Found a shattered altar of Ashenzari.
  5237 | D:6      | Found a blossoming altar of Fedhas.
  5237 | D:6      | Found a basalt altar of Yredelemnul.
  5263 | Temple   | Entered the Ecumenical Temple
  5361 | Temple   | Became a worshipper of Uskayaw the Reveler
  5437 | D:6      | Reached XP level 9. HP: 77/77 MP: 8/8
  5448 | D:6      | Reached * piety under Uskayaw
  5461 | D:6      | Reached ** piety under Uskayaw
  6041 | D:7      | Reached skill level 14 in Axes
  6174 | D:7      | Noticed PeterLawrence's ghost (novice MiFi)
  6260 | D:7      | Reached *** piety under Uskayaw
  6263 | D:7      | Killed PeterLawrence's ghost
  6263 | D:7      | Reached skill level 5 in Shields
  6582 | D:7      | Reached **** piety under Uskayaw
  6634 | D:8      | Noticed Pikel
  6660 | D:7      | Killed Pikel
  6660 | D:7      | Reached skill level 5 in Fighting
  6660 | D:7      | Reached skill level 5 in Armour
  6882 | D:8      | Reached ***** piety under Uskayaw
  6885 | D:8      | Reached XP level 10. HP: 72/91 MP: 9/9
  6886 | D:8      | Noticed Maurice
  6897 | D:8      | Killed Maurice
  6897 | D:8      | Reached ****** piety under Uskayaw
  7125 | D:8      | Found a faded altar of an unknown god.
  7125 | D:8      | Found a white marble altar of Elyvilon.
  7130 | D:8      | Found a faded altar of an unknown god.
  7132 | D:8      | Found a faded altar of an unknown god.
  7134 | D:8      | Found a faded altar of an unknown god.
  7379 | D:8      | Noticed Psyche
  7387 | D:8      | Killed Psyche
  7738 | D:8      | Noticed Joseph
  7750 | D:8      | Killed Joseph
  8371 | D:9      | Reached skill level 10 in Shields
  8826 | D:9      | Reached XP level 11. HP: 103/103 MP: 10/10
  8831 | D:9      | Gained mutation: Your movements are slightly less encumbered by armour. (ER -2) [mutagenic meat]
  8833 | D:9      | Gained mutation: You are partially covered in yellow scales. (AC +2) [mutagenic meat]
  8834 | D:9      | Gained mutation: You have sharp toenails. [mutagenic meat]
  8998 | D:9      | Gained mutation: You occasionally shout uncontrollably at your foes. [mutagenic meat]
  9000 | D:9      | Lost mutation: You occasionally shout uncontrollably at your foes. [mutagenic meat]
  9001 | D:9      | Gained mutation: Your spells are easier to cast, but less powerful. [mutagenic meat]
  9002 | D:9      | Gained mutation: You are weak. (Str -2) [mutagenic meat]
  9009 | D:9      | Found a staircase to the Orcish Mines.
  9376 | D:10     | Entered Level 10 of the Dungeon
  9466 | D:10     | Found Jimikam's Food Shoppe.
 10025 | D:11     | Noticed a hill giant
 10034 | D:10     | Killed a hill giant
 10095 | D:11     | Noticed a hill giant
 10112 | D:11     | Killed a hill giant
 10348 | D:11     | Noticed a seven-headed hydra
 10369 | D:11     | Killed a seven-headed hydra
 10795 | D:11     | Found a shimmering altar of Xom.
 11028 | D:11     | Found a staircase to the Lair.
 11082 | D:11     | Reached skill level 1 in Invocations
 11124 | Lair:1   | Entered Level 1 of the Lair of Beasts
 11214 | Lair:1   | Noticed a six-headed hydra
 11227 | Lair:1   | Reached XP level 12. HP: 82/116 MP: 12/12
 11230 | Lair:1   | Killed a six-headed hydra
 11230 | Lair:1   | Reached skill level 10 in Fighting
 11387 | Lair:1   | Reached skill level 10 in Armour
 11986 | Lair:2   | Found a dark tunnel.
 12085 | Volcano  | Entered a volcano
 12424 | Volcano  | Found a bloodstained altar of Trog.
 12424 | Volcano  | Noticed an ogre mage
 12448 | Volcano  | Killed an ogre mage
 12453 | Volcano  | Noticed a red draconian
 12478 | Volcano  | Killed a red draconian
 13002 | Lair:2   | Found a staircase to the Snake Pit.
 14025 | Lair:3   | Noticed a death yak
 14025 | Lair:3   | Noticed a death yak
 14026 | Lair:3   | Noticed a death yak
 14027 | Lair:3   | Noticed a death yak
 14027 | Lair:3   | Noticed a death yak
 14028 | Lair:3   | Noticed a death yak
 14039 | Lair:3   | Killed a death yak
 14040 | Lair:3   | Killed a death yak
 14040 | Lair:3   | Reached skill level 15 in Shields
 14040 | Lair:3   | Killed a death yak
 14040 | Lair:3   | Reached XP level 13. HP: 98/127 MP: 15/15
 15251 | Lair:4   | Identified a scroll of acquirement
 15280 | Lair:4   | Found a staircase to the Shoals.
 15538 | Lair:4   | Noticed Sonja
 15549 | Lair:4   | Killed Sonja
 15932 | Lair:5   | Found a labyrinth entrance.
 15989 | Lab      | Entered a labyrinth
 16313 | Lab      | Noticed a minotaur
 16326 | Lab      | Killed a minotaur
 16346 | Lab      | Got a distressingly furry buckler
 16357 | Lab      | Identified the +1 buckler "Ysymawk" {+Inv MR+++ Int-5} (You found it in a labyrinth)
 16357 | Lab      | Lost intelligence.
 16423 | Lair:5   | Noticed Urug
 16439 | Lair:5   | Killed Urug
 16575 | Lair:5   | Noticed an entropy weaver
 16576 | Lair:5   | Noticed an entropy weaver
 17068 | Lair:5   | Killed an entropy weaver
 17598 | Lair:6   | Entered Level 6 of the Lair of Beasts
 17673 | Lair:6   | Reached XP level 14. HP: 44/139 MP: 16/16
 18231 | Lair:6   | Found a staircase to the Slime Pits.
 19546 | Lair:3   | Reached skill level 1 in Dodging
 19709 | Orc:1    | Entered Level 1 of the Orcish Mines
 19861 | Orc:1    | Found a frozen archway.
 20078 | IceCv    | Entered an ice cave
 20282 | Orc:2    | Entered Level 2 of the Orcish Mines
 20325 | Orc:2    | Reached skill level 5 in Invocations
 20355 | Orc:2    | Noticed Nessos
 20364 | Orc:2    | Killed Nessos
 20379 | Orc:2    | Noticed Chiseanne's ghost (journeyman MiBe)
 20401 | Orc:2    | Killed Chiseanne's ghost
 20419 | Orc:2    | Found a staircase to the Elven Halls.
 20474 | Orc:2    | Found Iqulydal's Gadget Emporium.
 20474 | Orc:2    | Found Gycaynt's Distillery.
 20474 | Orc:2    | Found Zimm's Assorted Antiques.
 20474 | Orc:2    | Found Hagre's Gadget Shop.
 20481 | Orc:2    | Reached XP level 15. HP: 122/151 MP: 17/17
 20501 | Orc:2    | Bought a lead wand for 112 gold pieces
 20509 | Orc:2    | Bought a potion of haste for 280 gold pieces
 20510 | Orc:2    | Bought 2 potions of curing for 66 gold pieces
 20510 | Orc:2    | Bought a potion of heal wounds for 55 gold pieces
 20510 | Orc:2    | Bought a potion of haste for 110 gold pieces
 20510 | Orc:2    | Bought a potion of curing for 33 gold pieces
 20514 | Orc:2    | Bought a potion of brilliance for 44 gold pieces
 20613 | Orc:2    | Reached skill level 15 in Axes
 21614 | D:12     | Found a basalt altar of Yredelemnul.
 22381 | D:12     | Reached skill level 5 in Dodging
 22539 | D:13     | Noticed TBriggs11TB's ghost (journeyman DsGl)
 22584 | D:13     | Killed TBriggs11TB's ghost
 22910 | D:13     | Found a gate to the Vaults.
 22960 | D:13     | Lost mutation: You are partially covered in yellow scales. (AC +2) [mutagenic meat]
 22962 | D:13     | Gained mutation: You tend to lose your temper in combat. [mutagenic meat]
 22962 | D:13     | Lost mutation: You are weak. (Str -2) [potion of cure mutation]
 22962 | D:13     | Lost mutation: Your body sometimes deteriorates upon taking damage. [potion of cure mutation]
 22962 | D:13     | Lost mutation: You have sharp toenails. [potion of cure mutation]
 22963 | D:13     | Gained mutation: You passively map a small area around you. [potion of beneficial mutation]
 23331 | D:14     | Lost mutation: Your spells are easier to cast, but less powerful. [mutagenic meat]
 23333 | D:14     | Lost mutation: You passively map a small area around you. [mutagenic meat]
 23334 | D:14     | Gained mutation: You are weak. (Str -2) [mutagenic meat]
 23335 | D:14     | Gained mutation: Your flesh is heat resistant. (rF+) [mutagenic meat]
 23337 | D:14     | Lost mutation: Your spells are a little easier to cast, but a little less powerful. [mutagenic meat]
 23377 | D:14     | Found Pucoicwu's Jewellery Shop.
 23394 | D:14     | Reached skill level 15 in Fighting
 23413 | D:14     | Lost mutation: You are weak. (Str -2) [mutagenic meat]
 23414 | D:14     | Lost mutation: You are resistant to hostile enchantments. (MR+) [mutagenic meat]
 23416 | D:14     | Gained mutation: Your muscles are strong. (Str +2) [mutagenic meat]
 23417 | D:14     | Gained mutation: Armour fits poorly on your strangely shaped body. [mutagenic meat]
 23418 | D:14     | Lost mutation: Your muscles are strong. (Str +2) [mutagenic meat]
 23641 | D:14     | Reached skill level 15 in Armour
 23956 | D:15     | Entered Level 15 of the Dungeon
 24131 | D:15     | Noticed Roxanne
 24240 | D:15     | Found a sparkling altar of Nemelex Xobeh.
 24455 | D:15     | Reached XP level 16. HP: 53/163 MP: 20/20
 24716 | D:15     | Found a staircase to the Depths.
 25144 | Lair:4   | Gained mutation: You are dopey. (Int -2) [potion of mutation]
 25144 | Lair:4   | Gained mutation: You are partially covered in iridescent scales. (AC +2) [potion of mutation]
 25145 | Lair:4   | Gained mutation: You occasionally shout uncontrollably at your foes. [potion of mutation]
 25203 | Snake:1  | Entered Level 1 of the Snake Pit
 25574 | Snake:1  | Reached skill level 16 in Axes
 26623 | Snake:2  | Found Tuta's Gadget Shop.
 26627 | Snake:2  | Found Egrun's Book Boutique.
 26628 | Snake:2  | Found Reifeo's General Store.
 26646 | Snake:2  | Bought a potion of cure mutation for 375 gold pieces
 26646 | Snake:2  | Bought a scroll of blinking for 112 gold pieces
 26646 | Snake:2  | Lost mutation: Armour fits poorly on your strangely shaped body. [potion of cure mutation]
 26646 | Snake:2  | Lost mutation: You occasionally shout uncontrollably at your foes. [potion of cure mutation]
 27636 | Snake:3  | Reached skill level 10 in Invocations
 28205 | Snake:4  | Entered Level 4 of the Snake Pit
 28205 | Snake:4  | Noticed Agnes
 28220 | Snake:3  | Killed Agnes
 28362 | Snake:4  | Noticed Vashnia
 28711 | Snake:4  | Killed Vashnia
 28711 | Snake:4  | Reached XP level 17. HP: 145/173 MP: 23/23
 28858 | Snake:4  | Found Wipeink's Weapon Boutique.
 28859 | Snake:4  | Got a slimy ring mail
 29523 | Snake:4  | Noticed Nikola
 29548 | Snake:4  | Killed Nikola
 29548 | Snake:4  | Reached skill level 17 in Axes
 29589 | Snake:4  | HP: 7/174 [shock serpent/bolt of electricity (22)]
 30108 | Snake:4  | Got a crude iron ring
 30116 | Snake:4  | Identified the ring of Yxipry {MR+ Str+2} (You found it on level 4 of the Snake Pit)
 30117 | Snake:4  | Identified the +5 ring mail of the Six Cities {rPois Stlth+} (You found it on level 4 of the Snake Pit)
 30246 | Snake:4  | Reached skill level 10 in Dodging
 30933 | Snake:4  | Reached XP level 18. HP: 175/185 MP: 26/26
 31014 | Snake:4  | Got a serpentine rune of Zot
 31361 | Shoals:1 | Entered Level 1 of the Shoals
 31942 | Shoals:4 | Entered Level 4 of the Shoals
 32889 | Shoals:4 | Noticed Ilsuiw
 32904 | Shoals:4 | Killed Ilsuiw
 33604 | Shoals:4 | Reached skill level 18 in Axes
 34161 | Shoals:4 | Got a barnacled rune of Zot
 34910 | Vaults:1 | Entered Level 1 of the Vaults
 35161 | Vaults:1 | Reached XP level 19. HP: 196/196 MP: 28/28
 36893 | Vaults:1 | Paralysed by a floating eye for 2 turns
 37822 | Vaults:2 | Paralysed by a hornet for 1 turns
 38602 | Vaults:2 | Reached skill level 15 in Invocations
 38807 | Vaults:2 | Found a staircase to the Crypt.
 39107 | Vaults:3 | Found Nablyqo's Antique Armour Emporium.
 39108 | Vaults:3 | Found Teny's Assorted Antiques.
 39112 | Vaults:3 | Bought a fine chain mail for 256 gold pieces
 39112 | Vaults:3 | Identified the cursed +0 chain mail "Omufrajy" {rF+ Str-5 Dex+7} (You bought it in a shop on level 3 of the Vaults)
 39150 | Vaults:3 | Reached XP level 20. HP: 117/207 MP: 30/30
 39573 | Vaults:3 | Reached skill level 19 in Axes
 39707 | Vaults:3 | Found Eneik's Food Boutique.
 40382 | Vaults:3 | Paralysed by a Zot trap for 2 turns
 40410 | Vaults:3 | Found Soprilac's Distillery.
 41157 | Vaults:4 | Noticed Mennas
 41193 | Vaults:4 | Killed Mennas
 41363 | Vaults:4 | Reached XP level 21. HP: 210/217 MP: 32/32
 41507 | Vaults:4 | Found Otisuiplas's Assorted Antiques.
 42077 | Vaults:4 | Noticed Boris
 42090 | Vaults:4 | Killed Boris
 42482 | Vaults:4 | Reached skill level 20 in Axes
 42692 | Vaults:4 | Found a hide-covered altar of Uskayaw.
 42887 | Vaults:5 | Entered Level 5 of the Vaults
 42903 | Vaults:5 | Noticed a golden dragon
 42915 | Vaults:5 | Killed a golden dragon
 43431 | Vaults:5 | Cast into level 3 of the Abyss (a deep elf sorcerer)
 43496 | Abyss:3  | Reached XP level 22. HP: 219/226 MP: 34/34
 43511 | Abyss:4  | Found a corrupted altar of Lugonu.
 43570 | Abyss:5  | Entered Level 5 of the Abyss
 43736 | Vaults:5 | Escaped the Abyss
 43739 | Vaults:5 | Reached skill level 21 in Axes
 43747 | Vaults:5 | Noticed an ancient lich
 43764 | Vaults:5 | Killed an ancient lich
 44272 | Vaults:5 | Got a silver rune of Zot
 44280 | Vaults:5 | Got a pair of dazzling gloves
 44281 | Vaults:5 | Identified the +1 pair of gloves "Plog" {Dex+3} (You found it on level 5 of the Vaults)
 44305 | Vaults:5 | Got a distressingly furry cloak
 44333 | Vaults:5 | Identified the cursed -3 cloak of Disaster {Str+6} (You found it on level 5 of the Vaults)
 44355 | Vaults:5 | Identified Norrar's Grimoire of Cloudy Intoxication
 44473 | Vaults:5 | Gained mutation: You are very dopey. (Int -4) [a shining eye]
 44484 | Vaults:5 | Annihilated by a stone giant

Skill      XL: |  1  2  3  4  5  6  7  8  9 10 11 12 13 14 15 16 17 18 19 20 21 22 |
---------------+-------------------------------------------------------------------+-----
Axes           | 3 4 5 6 7 9 11 13 14 15 16 17 18 19 20 21 | 21.4
Fighting       | 5 8 9 11 12 14 15 16 17 18 19 | 19.4
Armour         | 5 7 9 11 12 14 15 16 17 18 19 | 19.2
Shields        | 7 10 13 15 17 | 17.8
Invocations    | 2 4 5 7 10 12 13 15 16 18 20 | 20.0
Dodging        | 3 6 8 10 11 12 13 | 13.7

Action                   |  1- 3 |  4- 6 |  7- 9 | 10-12 | 13-15 | 16-18 | 19-21 | 22-24 || total
-------------------------+-------+-------+-------+-------+-------+-------+-------+-------++-------
Melee: War axe           |   100 |   143 |   321 |   720 |  1372 |  1304 |   281 |       ||  4241
       Headbutt          |    15 |    31 |    74 |   172 |   372 |   369 |   445 |   110 ||  1588
       Kick              |       |       |       |    16 |       |       |       |       ||    16
       Whip              |       |       |       |    18 |     6 |       |       |       ||    24
       Battleaxe         |       |       |       |       |       |       |   949 |   262 ||  1211
Invok: Stomp             |       |       |       |     1 |     2 |     1 |       |       ||     4
       Grand Finale      |       |       |       |       |       |     2 |    11 |     1 ||    14
       Line Pass         |       |       |       |       |       |       |     1 |       ||     1
Evoke: Wand              |       |       |       |       |     5 |       |       |       ||     5
  Use: Scroll            |       |    11 |     8 |     1 |    16 |    12 |     8 |     5 ||    61
       Potion            |       |     2 |     1 |     6 |     4 |    17 |     4 |       ||    34
 Stab: Paralysed         |       |       |     7 |    44 |   158 |   171 |   230 |    38 ||   648
       Invisible         |       |       |       |       |       |     5 |       |       ||     5
       Held in net/web   |       |       |       |       |       |     1 |       |       ||     1
       Confused          |       |       |       |       |       |       |     1 |       ||     1
  Eat: Chunk             |     1 |     7 |     4 |    17 |    38 |     3 |     9 |     2 ||    81
       Bread ration      |       |       |     2 |     3 |     4 |     7 |     3 |     1 ||    20
       Meat ration       |       |       |       |       |       |     1 |     1 |       ||     2
       Beef jerky        |       |       |       |       |       |       |     3 |     1 ||     4
       Pizza             |       |       |       |       |       |       |     1 |       ||     1
       Royal jelly       |       |       |       |       |       |       |     6 |       ||     6
Armor: Scale mail        |    33 |    45 |     4 |       |       |       |       |       ||    82
       Chain mail        |       |       |    80 |       |       |       |       |       ||    80
       Plate armour      |       |       |    46 |   294 |   527 |   406 |   520 |    78 ||  1871
Dodge: Dodged            |    21 |    40 |    42 |   158 |   297 |   386 |   656 |   135 ||  1735
Block: Shield            |    58 |    75 |   117 |   377 |   877 |   816 |   167 |       ||  2487
